 Dungeon Crawl Stone Soup version 0.13-b1-54-gfe00c74 (webtiles) character file.

444 Malachi the Insei (level 5, -1/39 HPs)
             Began as a Demonspawn Monk on Oct 10, 2013.
             Slain by a worker ant (2 damage)
             ... on Level 5 of the Dungeon.
             The game lasted 00:05:32 (3651 turns).

Malachi the Insei (Demonspawn Monk)                 Turns: 3651, Time: 00:05:32

HP  -1/39        AC  4     Str 11      XL: 5   Next: 70%
MP   4/4         EV 17     Int 13      God:
Gold 217         SH  0     Dex 15      Spells:  0 memorised,  4 levels left

Res.Fire  : . . .   See Invis. : .     - Unarmed
Res.Cold  : . . .   Warding    : .   a - +0 robe
Life Prot.: . . .   Conserve   : .   (no shield)
Res.Poison: .       Res.Corr.  : .   j - +1 plumed helmet
Res.Elec. : .       Clarity    : .   (no cloak)
Sust.Abil.: . .     Spirit.Shd : .   (no gloves)
Res.Mut.  : .       Stasis     : .   (no boots)
Res.Rott. : +       Flight     : .   (no amulet)
Saprovore : + . .                    (no ring)
                                     (no ring)

@: about to teleport, slightly resistant to hostile enchantments, fairly
stealthy
A: foul stench 1, saprovore 1, EV +3
a: no special abilities


You were on level 5 of the Dungeon.
You were hungry.

You visited 1 branch of the dungeon, and saw 5 of its levels.

You collected 217 gold pieces.

Inventory:

Armour
 a - a +0 robe (worn)
 j - a +1 plumed helmet (worn)
Comestibles
 b - 4 bread rations
 k - a choko
 o - 2 meat rations
Scrolls
 c - 2 scrolls of teleportation
 d - a scroll of remove curse {unknown}
 e - a scroll of fear {unknown}
 i - 2 scrolls of identify
 l - a scroll of enchant weapon II {unknown}
 m - 2 scrolls of curse weapon {unknown}
 n - a scroll of enchant weapon I {unknown}
Potions
 f - a potion of curing {unknown}
 g - a potion of restore abilities
 h - 2 potions of heal wounds
 p - a potion of magic {unknown}
 r - 2 potions of brilliance {unknown}


   Skills:
 - Level 3.0 Fighting
 + Level 3.8 Dodging
 - Level 1.7 Stealth
 * Level 5.7 Unarmed Combat


You had 4 spell levels left.
You didn't know any spells.

Dungeon Overview and Level Annotations

Branches:
Dungeon (5/27)
 Temple: D:4-7

Altars:
Makhleb
Yredelemnul

Shops:
D:4 !

Annotations:
D:4 Malachi's ghost, experienced DDBe
D:5 Prince Ribbit


Innate Abilities, Weirdness & Mutations

You are surrounded by a moderate repulsion field (EV +3).
You emit a foul stench, and are resistant to rotting and decay.
You can tolerate rotten meat.


Message History

An orc comes into view. It is wielding an orcish hand axe.
The orc shouts!
An orc comes into view.
It is wielding a glowing orcish trident.
The orc shouts!
An orc comes into view. It is wielding an orcish mace.
The orc shouts!
A worker ant comes into view.
The worker ant twitches its antennae in your direction.
The orc misses you.
The orc wizard points at you and mumbles some strange words.
The magic dart hits you!
* * * LOW HITPOINT WARNING * * *
Found a glowing cabochon ring and a scroll labeled FOIRHY DOWN.
A rat comes into view.
Read which item? (? for menu, Esc to quit)
As you read the scroll of teleportation, it crumbles to dust.
You feel strangely unstable. The orc hits you with an orcish mace.
* * * LOW HITPOINT WARNING * * *
The worker ant bites you.
You die...

#.........#
##
####o######
.. #.o.#
#####r##
#.###
........#
#.#
....=..?#
#.#
........###
...
.......oa..#
#....
...F...o@#
#.....
.....o.oo#
......)
#####.###
#....... ...
####### #.#
#. #


You could see Prince Ribbit, a worker ant, 2 orc wizards, 3 orcs and a rat.

Vanquished Creatures
  A hound (D:3)
  An orc priest (D:4)
  2 orc wizards (D:3)
  Ijyb (D:3)
  2 adders (D:2)
  A giant mite (D:3)
  2 worms
  A giant gecko (D:2)
  An ooze (D:3)
  An orc (D:3)
  8 goblins
  12 hobgoblins
  3 jackals (D:2)
  A ball python (D:2)
  5 bats
  10 giant cockroaches
  4 giant newts
  9 kobolds
  2 quokkas
  10 rats
77 creatures vanquished.

Notes
Turn   | Place    | Note
--------------------------------------------------------------
     0 | D:1      | Malachi, the Demonspawn Monk, began the quest for the Orb.
     0 | D:1      | Reached XP level 1. HP: 16/16 MP: 0/0
   148 | D:1      | Reached skill level 4 in Unarmed Combat
   183 | D:1      | Gained mutation: You can tolerate rotten meat. [demonic ancestry]
   183 | D:1      | Reached XP level 2. HP: 11/22 MP: 1/1
  1156 | D:2      | Gained mutation: You are surrounded by a mild repulsion field (EV +2). [demonic ancestry]
  1156 | D:2      | Reached XP level 3. HP: 28/28 MP: 2/2
  1276 | D:2      | Found a basalt altar of Yredelemnul.
  1905 | D:2      | Gained mutation: You are surrounded by a moderate repulsion field (EV +3). [demonic ancestry]
  1905 | D:2      | Reached XP level 4. HP: 30/34 MP: 3/3
  2074 | D:2      | Reached skill level 5 in Unarmed Combat
  2589 | D:3      | Noticed Ijyb
  2604 | D:3      | Killed Ijyb
  2735 | D:3      | Found a burning altar of Makhleb.
  2759 | D:3      | Gained mutation: You emit a foul stench, and are resistant to rotting and decay. [demonic ancestry]
  2759 | D:3      | Reached XP level 5. HP: 20/39 MP: 4/4
  3325 | D:4      | HP: 1/39 [orc priest/nerve-wracking pain (2)]
  3620 | D:4      | Found Traney's Distillery.
  3625 | D:4      | Noticed Malachi's ghost (experienced DDBe)
  3641 | D:5      | Entered Level 5 of the Dungeon
  3641 | D:5      | Noticed an orc warrior
  3650 | D:5      | Noticed Prince Ribbit
  3651 | D:5      | HP: 1/39 [orc/orcish mace (5)]
  3651 | D:5      | Slain by a worker ant

Action                   |  1- 3 |  4- 6 || total
-------------------------+-------+-------++-------
Melee: Unarmed           |   173 |   144 ||   317
  Use: Scroll            |     7 |     2 ||     9
       Potion            |       |     2 ||     2
 Stab: Sleeping          |     4 |     1 ||     5
